 Dungeon Crawl Stone Soup version 0.28.0 (webtiles) character file.

Game seed: 9624737500769277024

728 ProzacElf the Combatant (level 7, 0/52 HPs)
             Began as a Demonspawn Delver on Feb 7, 2022.
             Was a Follower of Okawaru.
             Slain by Menkaure (18 damage)
             ... on level 6 of the Dungeon.
             The game lasted 00:14:11 (6273 turns).

ProzacElf the Combatant (Demonspawn Delver)         Turns: 6273, Time: 00:14:12

Health: 0/52       AC:  8    Str: 14    XL:     7   Next: 44%
Magic:  8/10       EV: 13    Int: 11    God:    Okawaru [*.....]
Gold:   211        SH:  5    Dex: 15    Spells: 6/6 levels left

rFire   . . .      SeeInvis .   a - +5 long sword (freeze)
rCold   . . .      Faith    .   s - +0 buckler
rNeg    . . .      Spirit   .   D - +0 scale mail
rPois   .          Reflect  .   (helmet restricted)
rElec   .          Harm     .   i - +0 cloak
rCorr   .          Rampage  .   (no gloves)
Will    .....                   (no boots)
Stlth   +++.......              (no amulet)
HPRegen 0.17/turn               (no ring)
MPRegen 0.12/turn               (no ring)

@: heroic
A: antennae 1, demonic magic 2
a: Renounce Religion, Heroism


You were on level 6 of the Dungeon.
You worshipped Okawaru.
Okawaru was aware of your devotion.
You visited 1 branch of the dungeon, and saw 6 of its levels.

You collected 211 gold pieces.

Inventory:

Hand Weapons
 a - a +5 long sword of freezing (weapon)
 b - a +0 arbalest
 q - a +0 falchion
Missiles
 l - 148 stones
 u - 4 javelins
 v - 3 curare-tipped darts
 w - 4 poisoned darts (quivered)
 y - 5 boomerangs
Armour
 i - a +0 cloak (worn)
 p - a +0 leather armour
 s - a +0 buckler (worn)
 B - a +0 chain mail
 D - a +0 scale mail (worn)
Jewellery
 G - a ring of willpower
Wands
 g - a wand of digging (3)
 m - a wand of flame (11)
Scrolls
 c - 3 scrolls of fog
 d - a scroll of magic mapping
 e - 3 scrolls of fear
 h - a scroll of vulnerability
 j - a scroll of enchant armour {unknown}
 n - a scroll of torment
 o - a scroll of noise {unknown}
 r - 2 scrolls of teleportation
 t - 2 scrolls of enchant weapon
 x - a scroll of amnesia
Potions
 f - 2 potions of haste
 k - a potion of curing
 z - a potion of brilliance
 A - 2 potions of attraction
 C - a potion of flight
 E - a potion of berserk rage
 F - 2 potions of might


   Skills:
 - Level 3.0(8.0) Fighting
 + Level 4.9(9.9) Long Blades
 + Level 4.9(9.9) Dodging
 - Level 4.5(9.5) Stealth
 - Level 5.0 Invocations


You had 6 spell levels left.
You didn't know any spells.
Your spell library contained the following spells:

 Spells                   Type           Power      Damage    Failure   Level
 Frozen Ramparts          Ice            0%         1d2       99%         3
 Ice Form                 Ice/Tmut       0%         N/A       100%        4
 Summon Ice Beast         Ice/Summ       Unusable   N/A       N/A         4

Dungeon Overview and Level Annotations

Branches:
Dungeon (6/15)
 Temple: D:4-7

Altars:
Hepliaklqana
Kikubaaqudgha
Okawaru
Qazlal
Ru
Uskayaw
Vehumet
Beogh

Annotations:
D:3 3 runed translucent doors, ragingrage's ghost, amateur MiBe
D:6 Menkaure


Innate Abilities, Weirdness & Mutations

You have a pair of small antennae on your head.
Spells you cast may paralyse nearby enemies.


Message History

Ye start restin'.
HP restored.
Health restored: 52 Ye now haf 211 gold pieces (gain'd 14).
An orc comes inta view.
It be wieldin' a +0 club.
Tha orc shouts!
Tha orc throws a stone.
Tha stone hits ye but does nay damage.
Tha orc hits ye but does nay damage.
Ye slash tha orc!
Ye freeze tha orc.
Ye kill tha orc!
Okawaru accepts yer kill.
Nay target in view!
Nay target in view!
l - 148 stones (gain'd 13)
t - 2 scrolls o' enchant weapon (gain'd 1) Ye see 'ere a +0 club.
Ye op'n tha door.
Thar be an op'n door 'ere.
Menkaure, Prince o' Dust comes inta view.
Menkaure shouts!
Thar be an op'n door 'ere.
Ye close tha door.
Ye start waitin'.
Ye sense a monster nearby.
Ye gain tha combat prowess o' a mighty hero.
Ye now haf 8/10 mp.
Ye op'n tha door.
Thar be an op'n door 'ere.
Menkaure points at ye an' mumbles some strange words.
Pain shoots through yer body!
Ye take 13 damage, an' haf 39/52 hp.
MASSIVE DAMAGE!!
Menkaure hits ye!!
Ye take 21 damage, an' haf 18/52 hp.
MASSIVE DAMAGE!!
Ye be too injured ta fight recklessly!
Ye be too injured ta fight recklessly!
Ye hit Menkaure.
Ye freeze Menkaure.
Menkaure be moderately damaged.
Menkaure rustles a few words.
Menkaure hits ye!!
Ye die...

# #.# #..# #.#.#
#.# #.# #..#
#.#.###.#
#######.###..#
#.#.....#
..........#..#
#.#######
#######.#.#..#
#........
######.#.#..#
#########
#.....)#.#..#
##.....M#.#..#
.......@#'#..#####
######...........#
#...........#
#...........#
#...........#
#...........#
#...........#
+...........#
#...........#


You could see Menkaure.

Vanquished Creatures
  6 scorpions
  A water moccasin skeleton (D:4)
  A bullfrog zombie (D:5)
  A centaur zombie (D:6)
  A centaur skeleton (D:5)
  3 iguanas
  A hound zombie (D:5)
  Robin (D:3)
  4 gnolls
  An adder (D:5)
  An ufetubus (D:3)
  A worm (D:2)
  4 dart slugs
  7 orcs
  2 ball pythons (D:1)
  6 endoplasms
  A giant cockroach (D:4)
  11 goblins
  11 hobgoblins
  2 jackals (D:3)
  3 quokkas (D:2)
  8 bats
  4 frilled lizards
  8 kobolds
  6 rats
95 creatures vanquished.

Notes
Turn   | Place    | Note
-------+----------+-------------------------------------------
     0 | D:5      | ProzacElf the Demonspawn Delver began the quest for the
                  | Orb.
     0 | D:5      | Reached XP level 1. HP: 18/18 MP: 1/1
    35 | D:5      | Noticed an iguana
    74 | D:5      | Gained mutation: Spells you cast may paralyse adjacent
                  | enemies. [demonic ancestry]
    74 | D:5      | Reached XP level 2. HP: 4/24 MP: 2/2
    74 | D:5      | Reached XP level 3. HP: 5/29 MP: 3/3
   244 | D:5      | Noticed a scorpion
   335 | D:4      | Noticed a scorpion
   634 | D:2      | Found an iron altar of Okawaru.
   868 | D:2      | Became a worshipper of Warmaster Okawaru
   975 | D:1      | Gained mutation: Spells you cast may paralyse nearby
                  | enemies. [demonic ancestry]
   975 | D:1      | Reached XP level 4. HP: 18/35 MP: 4/4
  1407 | D:1      | Reached skill level 1 in Invocations
  1695 | D:2      | Found a stormy altar of Qazlal.
  2632 | D:3      | Noticed a +0 dagger
  2632 | D:3      | Noticed a +0 short sword
  2632 | D:3      | Noticed a +0 falchion
  2633 | D:3      | Noticed a +0 spear
  2633 | D:3      | Noticed a +0 falchion
  2633 | D:3      | Noticed a +0 dagger
  2634 | D:3      | Noticed a +0 short sword
  2637 | D:3      | Noticed a +0 spear
  2639 | D:3      | Found a hide-covered altar of Uskayaw.
  2830 | D:3      | Reached skill level 2 in Invocations
  2853 | D:3      | Noticed Robin
  2863 | D:3      | Gained mutation: You have a pair of small antennae on your
                  | head. [demonic ancestry]
  2863 | D:3      | Reached XP level 5. HP: 38/41 MP: 6/6
  2873 | D:3      | Killed Robin
  2999 | D:3      | Found a runed translucent gate.
  2999 | D:3      | Found a runed translucent gate.
  2999 | D:3      | Found a runed translucent gate.
  3002 | D:3      | Noticed ragingrage's ghost (amateur MiBe)
  3002 | D:3      | Identified the +7 short sword "Qoem" {spect, rC++ MP-9
                  | Dex+4}
  3002 | D:3      | Identified the +4 ring mail of Vusustru {Will++}
  3618 | D:4      | Found an ancient bone altar of Kikubaaqudgha.
  3674 | D:4      | HP: 2/41 [poisoned by a scorpion]
  3678 | D:4      | Reached skill level 3 in Invocations
  3931 | D:4      | Found a sacrificial altar of Ru.
  4037 | D:4      | Found a radiant altar of Vehumet.
  4151 | D:4      | Reached XP level 6. HP: 41/47 MP: 8/8
  4344 | D:4      | Reached * piety under Okawaru
  4576 | D:4      | Reached skill level 4 in Invocations
  5141 | D:5      | Reached XP level 7. HP: 52/52 MP: 10/10
  5154 | D:5      | Found a faded altar of an unknown god.
  5154 | D:5      | Found a faded altar of an unknown god.
  5154 | D:5      | Found a faded altar of an unknown god.
  5156 | D:5      | Found a hazy altar of Hepliaklqana.
  5461 | D:5      | Reached skill level 5 in Invocations
  5845 | D:6      | HP: 1/52 [sky beast (6)]
  6256 | D:6      | Noticed Menkaure
  6273 | D:6      | Slain by Menkaure

Illustrated notes

Levels and vault maps discovered:
D:1:      minmay_arrival_four_loops, layout_rooms
D:2:      layout_basic, basic_altar, minmay_hexomino_r4
D:3:      layout_loops_corners, nicolae_uskayaw_en_pointe,
          biasface_ghost_orc_armoury, uniq_robin, uniq_crazy_yiuf_cottage
D:4:      layout_rooms, lemuel_coloured_pillars_altar,
          mainiacjoe_overflow_catwalk, kiku_gazebo_pond_becter,
          minmay_starry_boxes
D:5:      layout_cave_pools, nicolae_hepliaklqana_ecumenical_no_more
D:6:      layout_basic, mainiacjoe_overflow_boulevard,
          guppyfry_early_elven_hall, uniq_eustachio, uniq_menkaure

Skill      XL: |  1  2  3  4  5  6  7 |
---------------+----------------------+-----
Long Blades    | 2 3 4 |  4.9
Dodging        | 2 3 4 |  4.9
Invocations    | 2 3 4 5 |  5.0
Fighting       | |  3.0
Stealth        | |  4.5

Action                   |  1- 3 |  4- 6 |  7- 9 || total
-------------------------+-------+-------+-------++-------
Melee: Falchion          |    32 |       |       ||    32
       Long sword        |    36 |   132 |    39 ||   207
Throw: Dart              |       |     2 |       ||     2
Invok: Heroism           |       |       |     1 ||     1
  Use: Potion            |       |     2 |       ||     2
       Scroll            |       |     7 |     2 ||     9
 Stab: Sleeping          |     1 |    11 |       ||    12
Armor: Leather armour    |    14 |    28 |       ||    42
       Scale mail        |       |     8 |    27 ||    35
Dodge: Dodged            |    48 |    75 |    19 ||   142
Block: Buckler           |       |    17 |     2 ||    19
